 Dungeon Crawl Stone Soup version 0.18-a0-1405-g73f4075 (webtiles) character file.

70 Tomstefer the Conjurer (level 4, -4/24 HPs)
             Began as a Tengu Conjurer on Feb 24, 2016.
             Slain by Natasha (8 damage)
             ... on level 2 of the Dungeon.
             The game lasted 00:04:03 (1455 turns).

Tomstefer the Conjurer (Tengu Conjurer)             Turns: 1455, Time: 00:04:04

Health: -4/24      AC:  3    Str:  8    XL:     4   Next: 21%
Magic:  0/8        EV: 12    Int: 16    God:
Gold:   136        SH:  0    Dex: 15    Spells: 2 memorised, 4 levels left

rFire  + . .     SeeInvis .     j - +0 short sword
rCold  . . .     Gourm    .     k - +0 robe
rNeg   . . .     Faith    .     (no shield)
rPois  .         Spirit   .     (helmet restricted)
rElec  .         Dismiss  .     (no cloak)
rCorr  +         Reflect  .     h - +0 pair of gloves
SustAt .         Harm     .     (boots unavailable)
MR     .....                    f - amulet of rage
Stlth  ++........               o - ring of protection from fire
                                i - ring of resist corrosion

@: slowed, very slow, not resistant to hostile enchantments, unstealthy
A: beak, talons 3
a: Evoke Berserk Rage


You were on level 2 of the Dungeon.
You were near starving.

You visited 1 branch of the dungeon, and saw 2 of its levels.

You collected 136 gold pieces.

Inventory:

Hand Weapons
 j - a +0 short sword (weapon)
Armour
 a - a +0 robe
 h - a +0 pair of gloves (worn)
 k - a +0 robe (worn)
Jewellery
 f - an amulet of rage (around neck)
 i - a ring of resist corrosion (left hand)
 o - a ring of protection from fire (right hand)
Scrolls
 g - a scroll of identify
 l - 2 scrolls of remove curse
 p - a scroll of fog {unknown}
 s - 3 scrolls of amnesia {unknown}
Potions
 d - 3 potions of curing {unknown}
 e - 2 potions of resistance
 m - a potion of heal wounds {unknown}
 n - a potion of degeneration {unknown}
 q - a potion of lignification {unknown}
Books
 b - a book of Conjurations

   Spells                             Type                      Level
   a - Magic Dart                     Conjuration                  1
   b - Searing Ray                    Conjuration                  2
   c - Dazzling Spray                 Conjuration/Hexes            3
   d - Fulminant Prism                Conjuration/Hexes            4
   e - Iskenderun's Mystic Blast      Conjuration                  4
   f - Iskenderun's Battlesphere      Conjuration/Charms           5
Comestibles
 c - 2 bread rations


   Skills:
 - Level 2.1 Dodging
 - Level 2.0 Stealth
 - Level 2.0 Spellcasting
 + Level 7.4 Conjurations


You had 4 spell levels left.
You knew the following spells:

 Your Spells              Type           Power        Failure   Level  Hunger
a - Magic Dart            Conj           ####         1%          1    #......
b - Searing Ray           Conj           ####..       1%          2    ###....


Dungeon Overview and Level Annotations

Branches:
Dungeon (2/15)

Altars:

Annotations:
D:2 Natasha


Innate Abilities, Weirdness & Mutations

You have a beak for a mouth.
You have claws for feet.


Message History

You feel yourself slow down. The giant gecko bites you. x2
The giant gecko closely misses you.
Casting: Searing Ray
Confirm with . or Enter, or press ? or * to list all spells.
Aiming: Magic Dart
Press: ? - help, Shift-Dir - straight line, f/p - Natasha
Aim: Natasha (moderately wounded)
The magic dart hits the giant gecko.
You kill the giant gecko!
Natasha claws you!
* * * LOW HITPOINT WARNING * * *
Unknown command.
Natasha closely misses you.
A kobold comes into view. It is wielding a short sword.
The crimson imp disappears in a puff of smoke!
Natasha barely misses you. The white imp gestures at you.
The puff of frost misses you.
The crimson imp blinks!
Natasha claws you!
You die...

######.##.......#
#......
###'##########
#(.....
#######.......#
#.###..
......'.......#
#+# #..
#######.......#
#.. #.......# #..
###K....(.# #..
#.........# ###
#.#.###@..# ##
...... #.h.## ...
....... #.5§.#
.... .####.
####.## ...(.
#§.##.%....
#..........
##5#....>..
...#†......
+...#...<...


You could see Natasha, a white imp and a kobold (wandering).

Vanquished Creatures
  Terence (D:2)
  An adder (D:2)
  An ooze (D:2)
  A worm (D:2)
  A dart slug (D:1)
  2 giant geckos
  A giant cockroach (D:2)
  A goblin (D:2)
  5 hobgoblins
  4 jackals (D:1)
  3 bats
  2 giant newts (D:1)
  A kobold (D:1)
  5 rats
29 creatures vanquished.

Notes
Turn   | Place    | Note
--------------------------------------------------------------
     0 | D:1      | Tomstefer the Tengu Conjurer began the quest for the Orb.
     0 | D:1      | Reached XP level 1. HP: 10/10 MP: 4/4
   305 | D:1      | Reached XP level 2. HP: 15/15 MP: 0/6
   410 | D:1      | Reached skill level 6 in Conjurations
   911 | D:2      | Reached XP level 3. HP: 19/19 MP: 1/7
  1279 | D:2      | Noticed Terence
  1284 | D:2      | Killed Terence
  1284 | D:2      | Reached skill level 7 in Conjurations
  1284 | D:2      | Reached XP level 4. HP: 24/24 MP: 3/8
  1290 | D:2      | Learned a level 2 spell: Searing Ray
  1438 | D:2      | Noticed Natasha
  1455 | D:2      | Slain by Natasha

Vault maps used:
D:1:      mrwooster_arrival_statue_2, amethyst_killhole, minmay_misc_feat_cross,
          corexii_item_surrounded_by_moat
D:2:      lemuel_round_altar, evilmike_ruin_ashenzari, uniq_natasha,
          uniq_terence

Skill      XL: |  1  2  3 |
---------------+----------+-----
Conjurations   | 6 7 |  7.4
Dodging        | |  2.1
Stealth        | |  2.0
Spellcasting   | |  2.0

Action                   |  1- 3 |  4- 6 || total
-------------------------+-------+-------++-------
Melee: Short sword       |     6 |       ||     6
 Cast: Magic Dart        |    46 |    14 ||    60
       Searing Ray       |       |     1 ||     1
  Use: Scroll            |     3 |       ||     3
  Eat: Chunk             |     1 |       ||     1
